 Dungeon Crawl Stone Soup version 0.31-a0-263-ge8cad7f256 (console) character file.

Game seed: 2040549674123783252

1176 petzl the Thaumaturge (level 8, -8/58 HPs)
             Began as a Formicid Delver on July 12, 2023.
             Mangled by a deep troll (glowing shapeshifter) (9 damage)
             ... on level 13 of the Dungeon on July 13, 2023.
             The game lasted 00:31:27 (2746 turns).

petzl the Thaumaturge (Formicid Delver)             Turns: 2746, Time: 00:31:27

Health: -8/58      AC:  3    Str: 18    XL:     8   Next: 69%
Magic:  20/20      EV: 12    Int: 11    God:
Gold:   157        SH:  0    Dex: 15    Spells: 24/24 levels left

rFire   . . .        b - +4 falchion
rCold   . . .        (no shield)
rNeg    . . .        n - +0 leather armour
rPois   .            (helmet unavailable)
rElec   .            (no cloak)
rCorr   .            (no gloves)
SInv    +            (no boots)
Will    .....        g - amulet of regeneration
Stlth   +++          (no ring)
HPRegen 1.09/turn    (no ring)
MPRegen 0.17/turn

%: no passive effects
@: no status effects
A: permanent stasis, dig shafts and tunnels, antennae 3, four strong arms
a: Dig, Shaft Self


You were on level 13 of the Dungeon.
You visited 1 branch of the dungeon, and saw 12 of its levels.
You also visited: Bailey.

You collected 157 gold pieces.

Inventory:

Hand Weapons
 a - a +1 orcbow of draining
 b - a +4 falchion (weapon)
 q - a +1 battleaxe of flaming {!f =f}
Armour
 i - an orb of guile
 n - a +0 leather armour (worn)
Jewellery
 g - an amulet of regeneration (around neck)
Wands
 f - a wand of digging (2)
 h - a wand of mindburst (4)
Scrolls
 c - a scroll of fog
 d - a scroll of revelation
 l - a scroll of amnesia {unknown}
 m - a scroll of noise {unknown}
 o - a scroll of vulnerability
 p - a scroll of enchant weapon
Potions
 e - a potion of might {unknown}
 j - a potion of curing
 k - a potion of magic {unknown}
 s - a potion of heal wounds {unknown}


   Skills:
 - Level 3.2 Fighting
 - Level 2.0 Maces & Flails
 - Level 4.0 Ranged Weapons
 - Level 1.7 Dodging
 - Level 6.0 Stealth
 + Level 8.7 Spellcasting


You had 24 spell levels left.
You didn't know any spells.
Your spell library was empty.

Dungeon Overview and Level Annotations

Branches:
Dungeon (15/15)               Orc (0/2) D:9          Depths (0/4) D:15
 Bailey (visited)
 Temple: D:4-7         Lair: D:8-11      Vaults: D:13-14

Altars:
Uskayaw

Shops:
D:6 (   D:14 :

Annotations:
D:5 Eustachio
D:9 exclusion: downstairs
D:10 exclusions: downstairs and wraith
D:11 1 transporter, exclusions: downstairs and two-headed ogre, Fannar; HallandMoats's ghost, journeyman DsFi; Snorg
D:13 exclusion: boulder beetle
D:14 exclusions: downstairs, hog and 4 sensed monsters (detected)
D:15 exclusions: salamander, sensed monster (detected) and simulacrum


Innate Abilities, Weirdness & Mutations

You cannot be hasted, slowed, berserked, paralysed or teleported.
You can dig through walls and to a lower floor.
You have a pair of large antennae on your head. (SInv)
Your four strong arms can wield two-handed weapons with a shield.


Message History

There is an open door here.
You close the door.
Press: ? - help, . - travel You can't see that place.
Placed new exclusion.
Unknown command.
Aiming: Dig
Press: ? - help, Shift-Dir - straight line, f - you Please select a direction to dig.
The rock shatters into small pieces.
Really walk into a travel-excluded area?
A manticore comes into view.
An efreet comes into view.
It is wielding a +4 scimitar of flaming.
You open the door.
There is an open door here.
As you close the door, it creaks loudly!
You open the door.
There is an open door here.
Found 7 gold pieces.
You now have 157 gold pieces (gained 7).
There is an open door here.
You close the door.
There is an escape hatch in the ceiling here.
This staircase leads to a travel-excluded area!
Enter next level anyway?
A mysterious force pulls you upwards. The hatch slams shut behind you.
Level annotation: exclusion: boulder beetle The shining eye changes into a deep troll!
Are you sure you want to shaft yourself?
The deep troll shouts!
The ettin shouts in stereo!
The ettin hits you with a +2 dire flail of protection!!
The ettin hits you with a +0 dire flail!!
You hear a roar!
You begin to dig a shaft.
You continue digging a shaft.
The ettin closely misses you.
The ettin hits you with a +0 dire flail!!
* * * LOW HITPOINT WARNING * * *
The deep troll barely misses you. The deep troll closely misses you.
The deep troll claws you!
You die...

# { ###{ .# ..# ..#
..... { .. ..
..#########'##
#####C####...........#
#........#.....T@..#
#........###.....C.#
#..?.......#.......#
#..........#.......#
#..........#..######
{#..........#..#
#....####+##..#
######........#
............#
............#
........#####
........# ...######
###


You could see an ettin and a deep troll shaped shifter.

Vanquished Creatures
  A troll (D:9)
  A vampire (D:11)
  2 water moccasins (D:9)
  3 centaurs (D:9)
  2 bullfrogs
  2 wights (D:9)
  3 howler monkeys (D:9)
  A gnoll (D:10)
  An ufetubus (D:5)
  3 orcs
  5 goblins
  3 hobgoblins (Bailey)
27 creatures vanquished.

Notes
Turn   | Place    | Note
-------+----------+-------------------------------------------
     0 | D:5      | petzl the Formicid Delver began the quest for the Orb.
     0 | D:5      | Reached XP level 1. HP: 18/18 MP: 1/1
    51 | D:5      | Noticed Eustachio
    67 | D:5      | Reached skill level 1 in Spellcasting
    76 | D:5      | Noticed a wight
    78 | D:4      | Noticed an ogre
    95 | D:4      | You fall into a shaft and drop 3 floors!
   107 | D:8      | Noticed a wraith
   164 | D:7      | Reached XP level 2. HP: 24/24 MP: 2/4
   204 | D:7      | Noticed a bullfrog
   209 | D:7      | Killed a bullfrog
   210 | D:7      | Reached skill level 3 in Spellcasting
   210 | D:7      | Reached XP level 3. HP: 29/29 MP: 5/8
   210 | D:7      | Reached XP level 4. HP: 35/35 MP: 5/9
   297 | D:6      | Found Xeuceirai's Weapon Shoppe.
   345 | D:7      | Noticed a bullfrog
   361 | D:7      | You fall into a shaft and drop 3 floors!
   361 | D:10     | Entered Level 10 of the Dungeon
   499 | D:10     | Noticed an orc warrior
   554 | D:9      | Noticed a centaur
   559 | D:9      | Killed a centaur
   560 | D:9      | Reached skill level 4 in Spellcasting
   560 | D:9      | Reached XP level 5. HP: 30/41 MP: 10/12
   564 | D:9      | Reached skill level 5 in Spellcasting
   564 | D:9      | Reached XP level 6. HP: 39/47 MP: 10/13
   569 | D:9      | Noticed a hornet
   573 | D:9      | You fall into a shaft and drop 2 floors!
   583 | D:11     | Noticed a vampire
   596 | D:11     | Killed a vampire
   605 | D:12     | Noticed a yak
   605 | D:12     | Noticed a yak
   605 | D:12     | Noticed a yak
   605 | D:12     | Noticed a yak
   605 | D:12     | Noticed a yak
   605 | D:12     | Noticed a yak
   619 | D:11     | Noticed a boulder beetle
   725 | D:11     | Noticed a two-headed ogre
   742 | D:11     | Noticed a centaur warrior
   743 | D:11     | Noticed a brown ugly thing
   743 | D:11     | Noticed a boulder beetle
   744 | D:11     | Noticed a vampire mosquito
   744 | D:11     | Noticed a two-headed ogre
   744 | D:11     | Noticed HallandMoats's ghost (journeyman DsFi)
   745 | D:11     | Found a transporter.
   752 | D:11     | Noticed Fannar
   754 | D:11     | Noticed an ice beast
   806 | D:11     | Noticed Snorg
   825 | D:10     | Noticed a wraith
   832 | D:10     | Found a flagged portal.
   851 | Bailey   | Entered a bailey
   911 | Bailey   | Noticed an orc warrior
   987 | D:11     | Noticed a yak
  1008 | D:9      | Reached skill level 6 in Spellcasting
  1008 | D:9      | Reached XP level 7. HP: 49/52 MP: 14/16
  1091 | D:9      | Noticed a water moccasin
  1093 | D:9      | Upgraded the game from 0.31-a0-246-g8cbcc1cb85 to
                  | 0.31-a0-263-ge8cad7f256
  1100 | D:9      | Killed a water moccasin
  1108 | D:9      | Reached XP level 8. HP: 58/58 MP: 18/18
  1140 | D:9      | Reached skill level 7 in Spellcasting
  1144 | D:9      | Noticed a vampire
  1183 | D:9      | Found a hide-covered altar of Uskayaw.
  1205 | D:9      | Noticed a troll
  1232 | D:9      | Killed a troll
  1233 | D:9      | Reached skill level 8 in Spellcasting
  1275 | D:9      | Noticed a wyvern
  1352 | D:9      | You fall into a shaft and drop 1 floor!
  1404 | D:9      | Found a staircase to the Orcish Mines.
  1429 | D:9      | You fall into a shaft and drop 3 floors!
  1490 | D:12     | Noticed a troll
  1494 | D:11     | Noticed a yak
  1494 | D:11     | Noticed a yak
  1494 | D:11     | Noticed a yak
  1494 | D:11     | Noticed a yak
  1494 | D:11     | Noticed a yak
  1512 | D:11     | Noticed a two-headed ogre
  1516 | D:11     | You fall into a shaft and drop 3 floors!
  1532 | D:14     | You fall into a shaft and drop 1 floor!
  1532 | D:15     | Entered Level 15 of the Dungeon
  1568 | D:15     | Noticed an efreet
  1771 | D:14     | Noticed a boulder beetle
  1775 | D:14     | Noticed a cyclops
  1776 | D:14     | Noticed a cyclops
  1779 | D:14     | You fall into a shaft and drop 1 floor!
  1835 | D:15     | Noticed a salamander
  2283 | D:14     | Found Voacrati's Book Emporium.
  2297 | D:14     | Noticed a hog
  2337 | D:13     | Noticed a boulder beetle
  2439 | D:13     | Noticed a frost giant
  2441 | D:13     | You fall into a shaft and drop 2 floors!
  2528 | D:14     | Noticed a centaur warrior
  2535 | D:14     | You fall into a shaft and drop 1 floor!
  2674 | D:14     | Noticed a manticore
  2675 | D:14     | Noticed an efreet
  2744 | D:13     | Noticed a shining eye
  2744 | D:13     | Noticed an ettin
  2744 | D:13     | a shining eye changed into a deep troll
  2744 | D:13     | Noticed a deep troll (glowing shapeshifter)
  2746 | D:13     | HP: 1/58 [ettin/+2 dire flail of protection (20)]
  2746 | D:13     | Mangled by a deep troll (glowing shapeshifter)

Illustrated notes

Levels and vault maps discovered:
D:4:      minmay_skewed_foursquare, layout_loops_cross, jmf_multi_god_temple2,
          uniq_blork_the_orc
D:5:      layout_basic, uniq_prince_ribbit1, uniq_menkaure, uniq_eustachio
D:6:      layout_basic, minmay_temple_entry_poolview, serial_shops, shop,
          minmay_fire_ice_demons
D:7:      layout_gridville
D:8:      layout_basic, dk_rats_in_the_wall, uniq_grum
D:9:      layout_basic, mainiacjoe_overflow_alcove_1, minmay_lair_entry_grove,
          orc_0_dummy, hex_intersection, minmay_circle_x
D:10:     layout_stronghold, serial_shops, nicolae_shop_statue_plus,
          enter_bailey_3, uniq_psyche, uniq_maurice
D:11:     layout_irregular_city, gammafunk_ghost_arena, uniq_snorg, uniq_fannar
D:12:     layout_loops_ring, special_room [special_room_bee]
D:13:     layout_irregular_city, nicolae_rejected_hall
D:14:     layout_basic, skrybe_vaults_entry_preservation, serial_shops, shop,
          hangedman_ru_absence
D:15:     grunt_enter_depths_magical_seal, layout_basic

Skill      XL: |  1  2  3  4  5  6  7  8 |
---------------+-------------------------+-----
Spellcasting   | 1 3 4 5 6 8 |  8.7
Ranged Weapons | 2 4 |  4.0
Fighting       | |  3.2
Maces & Flails | |  2.0
Dodging        | |  1.7
Stealth        | |  6.0

Action                     |  1- 3 |  4- 6 |  7- 9 || total
---------------------------+-------+-------+-------++-------
  Melee: Mace              |     3 |       |       ||     3
         Falchion          |     6 |    27 |    43 ||    76
         Punch             |       |       |     1 ||     1
   Fire: Orcbow            |       |    16 |    27 ||    43
  Throw: Dart              |       |       |     3 ||     3
Ability: Shaft Self        |     1 |     2 |     8 ||    11
         Dig               |       |     1 |       ||     1
  Evoke: Wand              |       |    10 |    15 ||    25
    Use: Scroll            |       |     1 |     4 ||     5
         Potion            |       |       |     1 ||     1
   Stab: Sleeping          |     1 |       |       ||     1
 Armour: Leather armour    |     3 |     2 |    16 ||    21
  Dodge: Dodged            |    13 |    28 |    58 ||    99

Table legend: (Time is in decaauts)
 A = Elapsed time spent in this place.
 B = Non-inter-level travel time spent in this place.
 C = Inter-level travel time spent in this place.
 D = Time resting spent in this place.
 E = Time spent auto-exploring this place.
 F = Levels seen in this place.
 G = Mean time per level.
                   A        B        C        D        E       F      G
               +--------+--------+--------+--------+--------+-----+--------+
         Total |   2779 |   2696 |     83 |    441 |    131 |  13 |  213.8 |
       Dungeon |   2696 |   2613 |     83 |    437 |    131 |  12 |  224.7 |
        Bailey |     82 |     82 |      0 |      4 |      0 |   1 |   82.0 |
               +--------+--------+--------+--------+--------+-----+--------+

Top non-repeatable levels by time:
    D:15: 672 daAuts
    D:14: 451 daAuts
     D:9: 444 daAuts
    D:10: 329 daAuts
    D:11: 262 daAuts
     D:7: 195 daAuts
    D:13: 106 daAuts
  Bailey: 82 daAuts
     D:5: 78 daAuts
     D:6: 70 daAuts
    D:12: 66 daAuts
     D:4: 16 daAuts
     D:8: 2 daAuts
